 Dungeon Crawl Stone Soup version 0.24.1 (webtiles) character file.

Game seed: 691361856205308465, levelgen mode: deterministic

387 Destapler the Sneak (level 6, 0/32 HPs)
             Began as a Spriggan Assassin on Mar 31, 2020.
             Succumbed to a worker ant's poison
             ... on level 4 of the Dungeon.
             The game lasted 00:13:26 (3913 turns).

Destapler the Sneak (Spriggan Assassin)             Turns: 3913, Time: 00:13:27

Health: 0/32       AC: 10    Str: 12    XL:     6   Next: 49%
Magic:  7/8        EV: 26    Int: 11    God:
Gold:   261        SH:  0    Dex: 24    Spells: 5/5 levels left

rFire    + . .     SeeInvis +   a - +2 dagger
rCold    + . .     Gourm    .   (shield restricted)
rNeg     . . .     Faith    .   b - +0 robe
rPois    .         Spirit   +   (helmet restricted)
rElec    .         Reflect  .   o - scarf {rC+ rF+}
rCorr    .         Harm     .   (gloves unavailable)
MR       +....                  (boots unavailable)
Stlth    +++++.....             k - amulet of guardian spirit
HPRegen  0.10/turn              s - +6 ring of protection
MPRegen  0.11/turn              (no ring)

@: mighty, agile, lethally poisoned (0 -> -1), very quick
A: very small, unfitting armour, molten scales 1, see invisible, dopey 1,
herbivore, speed 3, sense surroundings 1, slow metabolism 2, MP-powered wands
a: no special abilities


You were on level 4 of the Dungeon.
You were hungry.

You visited 1 branch of the dungeon, and saw 4 of its levels.

You collected 261 gold pieces.

Inventory:

Hand Weapons
 a - a +2 dagger (weapon)
Missiles
 d - 6 poisoned darts
 e - 2 curare-tipped darts (quivered)
 i - a throwing net
Armour
 b - a +0 robe (worn)
 c - a +0 cloak
 o - a scarf of resistance (worn)
Jewellery
 k - an amulet of guardian spirit (around neck)
 s - a +6 ring of protection (left hand)
Wands
 r - a wand of polymorph (11)
Scrolls
 g - a scroll of enchant weapon {unknown}
 h - a scroll of enchant armour {unknown}
 j - a scroll of amnesia {unknown}
 l - 3 scrolls of teleportation {unknown}
 m - 2 scrolls of magic mapping {unknown}
 n - 2 scrolls of remove curse {unknown}
 p - a scroll of fear {unknown}
 q - a scroll of identify {unknown}
 v - a scroll of noise {unknown}
Comestibles
 f - 11 rations


   Skills:
 + Level 2.8 Fighting
 * Level 4.8 Short Blades
 - Level 2.0 Throwing
 + Level 4.2 Dodging
 + Level 7.4 Stealth
 * Level 2.3 Evocations


You had 5 spell levels left.
You didn't know any spells.
Your spell library was empty.

Dungeon Overview and Level Annotations

Branches:
Dungeon (4/15)
 Temple: D:4-7

Altars:
Makhleb
Qazlal
Wu Jian
Xom
Zin

Shops:
D:4 (


Innate Abilities, Weirdness & Mutations

You are very small and have problems with some larger weapons.
You are too small for most types of armour.
You have supernaturally acute eyesight. (SInv)
You are a herbivore.
You cover ground extremely quickly.
You need to consume almost no food.
You are partially covered in molten scales. (AC +2)
You are dopey. (Int -2)
You passively map a small area around you.
You expend magic power (3 MP) to strengthen your wands.


Message History

You feel sick.
Found a mace and 11 gold pieces.
* * * LOW HITPOINT WARNING * * *
You feel sick.
A centaur skeleton comes into view.
* * * LOW HITPOINT WARNING * * *
You feel sick.
The helpless centaur skeleton fails to defend itself.
You perforate the centaur skeleton like a sieve!!!!
You destroy the centaur skeleton!
The Council accepts your kill.
Really renounce your faith, foregoing its fabulous benefits?
Are you sure?
You have lost your religion!
The Council does not appreciate desertion!
* * * LOW HITPOINT WARNING * * *
You feel sick.
You see here 11 gold pieces.
You now have 261 gold pieces (gained 11).
You die...

#.###.# #....# #.###.#
#....# #.....# #....#
#.##### #....# #.#
#....### ###########
#....##. ######........
+....##. #...........#
#....##. #.....@.$...#
#....##. #...........#
#....... #....)......#
#.......
#...........####.......
#......................
#...........########...
############# ####


There were no monsters in sight!

Vanquished Creatures
  A phantom (D:4)
  2 hounds
  A centaur skeleton (D:4)
  Jessica (D:2)
  2 worker ants
  Ijyb (D:3)
  A gnoll (D:1)
  2 adders
  2 worms (D:2)
  A dart slug (D:3)
  2 leopard geckos
  5 orcs
  6 bats
  6 giant cockroaches
  9 goblins
  4 hobgoblins
  8 jackals
  8 kobolds
  A ball python (D:4)
  5 frilled lizards
  9 rats
77 creatures vanquished.

Notes
Turn   | Place    | Note
-------+----------+-------------------------------------------
     0 | D:1      | Destapler the Spriggan Assassin began the quest for the
                  | Orb.
     0 | D:1      | Reached XP level 1. HP: 10/10 MP: 2/2
    32 | D:1      | Reached skill level 6 in Stealth
    32 | D:1      | Reached XP level 2. HP: 15/15 MP: 3/3
   379 | D:1      | Reached XP level 3. HP: 16/18 MP: 4/4
  1273 | D:2      | Reached XP level 4. HP: 11/23 MP: 5/5
  1351 | D:2      | Found a burning altar of Makhleb.
  1592 | D:2      | Noticed Jessica
  1599 | D:2      | Killed Jessica
  1599 | D:2      | Reached XP level 5. HP: 27/27 MP: 6/6
  2143 | D:3      | Found a glowing silver altar of Zin.
  2194 | D:3      | Reached skill level 7 in Stealth
  2507 | D:3      | Found a stormy altar of Qazlal.
  2512 | D:3      | Found an ornate altar of the Wu Jian Council.
  2517 | D:3      | Found a shimmering altar of Xom.
  2522 | D:3      | Became a worshipper of the Wu Jian Council
  2559 | D:3      | Noticed Ijyb
  2566 | D:3      | Killed Ijyb
  2628 | D:3      | Found a faded altar of an unknown god.
  2997 | D:4      | Reached skill level 1 in Evocations
  3089 | D:4      | Found Byituad's Weapon Shop.
  3163 | D:4      | Noticed a phantom
  3168 | D:4      | Killed a phantom
  3168 | D:4      | Reached XP level 6. HP: 32/32 MP: 6/8
  3864 | D:4      | Gained mutation: You expend magic power (3 MP) to
                  | strengthen your wands. [potion of mutation]
  3864 | D:4      | Gained mutation: You passively map a small area around you.
                  | [potion of mutation]
  3864 | D:4      | Gained mutation: You are dopey. (Int -2) [potion of
                  | mutation]
  3864 | D:4      | Gained mutation: You are partially covered in molten
                  | scales. (AC +2) [potion of mutation]
  3902 | D:4      | HP: 1/32 [poisoned by a worker ant]
  3906 | D:4      | Fell from the grace of Wu Jian
  3907 | D:4      | HP: 1/32 [poisoned by a worker ant]
  3913 | D:4      | Succumbed to a worker ant's poison

Levels and vault maps discovered:
D:1:      lemuel_arrival_hallway, layout_loops_ring
D:2:      layout_basic, makhleb_heckhound_becter, uniq_jessica
D:3:      layout_basic, nicolae_overflow_crystal_walls,
          minmay_overflow_temple_star_quad, chequers_ecumenical_altar_island,
          uniq_ijyb
D:4:      layout_basic, first_ration, serial_shops, kennysheep_mini

Skill      XL: |  1  2  3  4  5 |
---------------+----------------+-----
Dodging        | 2 3 4 |  4.2
Stealth        | 6 7 |  7.4
Short Blades   | 3 4 |  4.8
Fighting       | 2 |  2.8
Evocations     | 2 |  2.3
Throwing       | |  2.0

Action                   |  1- 3 |  4- 6 || total
-------------------------+-------+-------++-------
Melee: Dagger            |   135 |   176 ||   311
Throw: Dart              |     4 |     1 ||     5
Invok: Lunge             |       |    21 ||    21
       Renounce Religion |       |     1 ||     1
  Use: Potion            |       |     3 ||     3
 Stab: Sleeping          |    10 |    17 ||    27
Armor: Robe              |    22 |    14 ||    36
Dodge: Dodged            |   122 |   102 ||   224
